 Dungeon Crawl Stone Soup version 0.30-a0-365-ge7f957f1db (webtiles) character file.

Game seed: 7198322841452450307

1458 vineage the Fighter (level 8, -12/98 HPs)
             Began as an Ogre Fighter on Nov 17, 2022.
             Killed from afar by Ijyb (17 damage)
             ... with a bolt of acid
             ... on level 4 of the Dungeon.
             The game lasted 00:05:26 (3389 turns).

vineage the Fighter (Ogre Fighter)                  Turns: 3389, Time: 00:05:26

Health: -12/98     AC:  1    Str: 27    XL:     8   Next: 76%
Magic:  17/17      EV:  8    Int:  9    God:
Gold:   117        SH:  8    Dex:  8    Spells: 7/7 levels left

rFire   . . .      SeeInvis .    a - +0 flail
rCold   . . .      Faith    .    c - +1 kite shield
rNeg    . . .      Spirit   .    o - +2 robe of Fashionability {Rampage MP+9 Str+4 Stlth+}
rPois   .          Reflect  .    (helmet restricted)
rElec   .          Harm     .    (no cloak)
rCorr   .          Rampage  +    (gloves unavailable)
Will    .....                    (boots unavailable)
Stlth   ++........               (no amulet)
HPRegen 0.36/turn                m - +4 ring of protection
MPRegen 0.15/turn                (no ring)

@: corroded
A: large, unfitting armour, tough skin 1
a: no special abilities


You were on level 4 of the Dungeon.
You visited 1 branch of the dungeon, and saw 4 of its levels.

You collected 117 gold pieces.

Inventory:

Hand Weapons
 a - a +0 flail (weapon)
Armour
 b - a +0 robe
 c - a +1 kite shield (worn)
 o - the +2 robe of Fashionability (worn) {Rampage MP+9 Str+4 Stlth+}
   (You found it on level 2 of the Dungeon)

   Str:       It affects your strength (+4).
   MP:        It affects your magic capacity (+9).
   Rampage:   It bestows one free step when moving towards enemies.
   Stlth:     It makes you more stealthy.
Jewellery
 l - a ring of ice
 m - a +4 ring of protection (left hand)
Scrolls
 i - 2 scrolls of teleportation
 r - 2 scrolls of magic mapping {unknown}
Potions
 d - a potion of attraction {unknown}
 e - a potion of haste
 f - a potion of invisibility {unknown}
 g - 3 potions of heal wounds {unknown}
 h - 2 potions of brilliance {unknown}
 j - a potion of mutation {unknown}
 k - a potion of flight {unknown}
 n - a potion of might
 q - 2 potions of lignification {unknown}


   Skills:
 * Level 11.9 Fighting
 + Level 5.8 Maces & Flails
 - Level 2.6 Dodging
 - Level 3.0 Shields


You had 7 spell levels left.
You didn't know any spells.
Your spell library was empty.

Dungeon Overview and Level Annotations

Branches:
Dungeon (4/15)
 Temple: D:4-7

Altars:
Fedhas
Trog
Wu Jian

Shops:
D:1 =

Annotations:
D:4 Ijyb


Innate Abilities, Weirdness & Mutations

You are too large for most types of armour.
You have tough skin. (AC +1)


Message History

Ijyb is moderately wounded.
Ijyb hits you with a +6 dagger of speed.
The goblin hits you with a +0 club.
Ijyb hits you with a +6 dagger of speed!
The goblin hits you with a +0 club.
You hit Ijyb.
Ijyb is moderately wounded.
Ijyb hits you with a +6 dagger of speed. x2
You block the goblin's attack.
You barely miss Ijyb.
Ijyb is moderately wounded.
Ijyb hits you with a +6 dagger of speed!
The goblin hits you with a +0 club.
Ijyb hits you with a +6 dagger of speed!
You are too injured to fight recklessly!
You are too injured to fight recklessly!
You are too injured to fight recklessly!
You are too injured to fight recklessly!
You are too injured to fight recklessly!
You are too injured to fight recklessly!
You are too injured to fight recklessly!
You are too injured to fight recklessly!
You are too injured to fight recklessly!
You are too injured to fight recklessly!
You are too injured to fight recklessly!
You are too injured to fight recklessly!
You are too injured to fight recklessly!
You feel better.
Ijyb hits you with a +6 dagger of speed!
* * * LOW HITPOINT WARNING * * *
You block the goblin's attack.
Ijyb hits you with a +6 dagger of speed!
* * * LOW HITPOINT WARNING * * *
You hit Ijyb but do no damage.
Ijyb is moderately wounded.
You block the goblin's attack.
Ijyb zaps a wand.
The bolt of acid hits you!
* * * LOW HITPOINT WARNING * * *
The acid corrodes you! The goblin barely misses you.
Ijyb zaps a wand.
The bolt of acid hits you!
You die...

##.###.###.###.##
## #..........#
#..........+
#..........
#....####+
#....## #.....#
#.....+ #..@..#
#.gg..# #....##
#...$# ## #.....
#. #...... #.
####### ##


You could see Ijyb and a goblin.

Vanquished Creatures
  Sigmund (D:2)
  6 yaks (D:4)
  A phantom (D:4)
  2 scorpions (D:4)
  A hound (D:4)
  Natasha (thrice) (D:2)
  5 adders
  4 gnolls
  2 worms (D:3)
  2 dart slugs
  2 orcs (D:4)
  6 endoplasms
  4 giant cockroaches
  5 goblins
  9 hobgoblins
  10 kobolds
  6 quokkas
  7 ball pythons
  5 bats
  2 frilled lizards
  5 rats
88 creatures vanquished.

Vanquished Creatures (others)
  A fungus (D:1)
  17 plants (D:2)
18 creatures vanquished.

Grand Total: 106 creatures vanquished

Notes
Turn   | Place    | Note
-------+----------+-------------------------------------------
     0 | D:1      | vineage the Ogre Fighter began the quest for the Orb.
     0 | D:1      | Reached XP level 1. HP: 24/24 MP: 1/1
    90 | D:1      | Found Lacvocva's Jewellery Shop.
   105 | D:1      | Reached XP level 2. HP: 33/33 MP: 2/2
   261 | D:1      | Found a faded altar of an unknown god.
   503 | D:1      | Reached skill level 5 in Fighting
   513 | D:1      | Reached XP level 3. HP: 33/42 MP: 3/3
   860 | D:2      | Noticed Sigmund
   878 | D:2      | Killed Sigmund
   879 | D:2      | Reached skill level 7 in Fighting
   879 | D:2      | Reached XP level 4. HP: 31/55 MP: 4/4
   879 | D:2      | Reached XP level 5. HP: 35/62 MP: 5/5
  1178 | D:2      | Identified the +2 robe of Fashionability {Rampage MP+9
                  | Str+4 Stlth+}
  1181 | D:2      | Noticed Natasha
  1190 | D:2      | Killed Natasha
  1191 | D:2      | Reached XP level 6. HP: 48/71 MP: 6/6
  1571 | D:2      | Noticed Natasha
  1582 | D:2      | Killed Natasha
  1798 | D:2      | Noticed Natasha
  1810 | D:2      | Killed Natasha
  2027 | D:3      | Found an ornate altar of the Wu Jian Council.
  2101 | D:3      | Reached skill level 8 in Fighting
  2601 | D:3      | Found a blossoming altar of Fedhas.
  2645 | D:3      | Found a bloodstained altar of Trog.
  2838 | D:4      | Noticed a yak
  2838 | D:4      | Noticed a yak
  2840 | D:4      | Noticed a yak
  2848 | D:4      | Reached XP level 7. HP: 74/81 MP: 7/7
  2852 | D:4      | Noticed a yak
  2855 | D:4      | Noticed a yak
  2858 | D:4      | Killed a yak
  2859 | D:4      | Reached skill level 9 in Fighting
  2859 | D:4      | Noticed a yak
  2864 | D:4      | Killed a yak
  2871 | D:4      | Killed a yak
  2872 | D:4      | Reached skill level 10 in Fighting
  2872 | D:4      | Reached skill level 5 in Maces & Flails
  2872 | D:4      | Reached XP level 8. HP: 50/94 MP: 8/8
  2875 | D:4      | Killed a yak
  2880 | D:4      | Killed a yak
  2881 | D:4      | Reached skill level 11 in Fighting
  2888 | D:4      | Killed a yak
  3105 | D:4      | Identified the +9 dagger "Amehuoh" {freeze, Int+3 Dex+4
                  | SInv}
  3378 | D:4      | Noticed Ijyb
  3389 | D:4      | Killed from afar by Ijyb

Illustrated notes

Levels and vault maps discovered:
D:1:      minmay_arrival_wavy_path, layout_basic,
          shapermc_ecumenical_altar_ellora, serial_shops, shop
D:2:      wad_woods_settlement, layout_loops_ring, uniq_sigmund, uniq_natasha
D:3:      layout_rooms, mainiacjoe_overflow_boulevard, trog_book,
          fedhas_altar_1, minmay_misc_feat_rugged
D:4:      layout_gridville, nicolae_concentric_dashed_squares_mild,
          minmay_misc_feat_alley, minmay_pentangle, uniq_ijyb

Skill      XL: |  1  2  3  4  5  6  7  8 |
---------------+-------------------------+-----
Maces & Flails | 2 3 4 5 |  5.8
Fighting       | 5 7 8 10 11 | 11.9
Dodging        | |  2.6
Shields        | |  3.0

Action                   |  1- 3 |  4- 6 |  7- 9 || total
-------------------------+-------+-------+-------++-------
Melee: Flail             |    78 |   127 |   104 ||   309
  Use: Potion            |     1 |       |     4 ||     5
       Scroll            |       |     6 |       ||     6
 Stab: Sleeping          |       |     8 |       ||     8
Armor: Robe              |    29 |    28 |    27 ||    84
Dodge: Dodged            |    42 |    37 |    31 ||   110
Block: Kite shield       |    31 |    40 |    40 ||   111

Table legend: (Time is in decaauts)
 A = Elapsed time spent in this place.
 B = Non-inter-level travel time spent in this place.
 C = Inter-level travel time spent in this place.
 D = Time resting spent in this place.
 E = Time spent auto-exploring this place.
 F = Levels seen in this place.
 G = Mean time per level.
                   A        B        C        D        E       F      G
               +--------+--------+--------+--------+--------+-----+--------+
         Total |   3475 |   3313 |    162 |     15 |   2602 |   4 |  868.8 |
       Dungeon |   3475 |   3313 |    162 |     15 |   2602 |   4 |  868.8 |
               +--------+--------+--------+--------+--------+-----+--------+

Top non-repeatable levels by time:
     D:2: 1239 daAuts
     D:3: 791 daAuts
     D:1: 790 daAuts
     D:4: 654 daAuts
